 Dungeon Crawl Stone Soup version 0.30-a0-920-g7493c07aab (webtiles) character file.

Game seed: 13497842604193210242

23552 DeathPants the Fighter (level 13, 0/72 HPs)
             Began as a Vine Stalker Brigand on Mar 21, 2023.
             Was an Initiate of Gozag.
             Slain by Snorg (9 damage)
             ... on level 11 of the Dungeon.
             The game lasted 00:47:37 (12811 turns).

DeathPants the Fighter (Vine Stalker Brigand)      Turns: 12811, Time: 00:47:38

Health: 0/72       AC: 13    Str: 14    XL:     13   Next: 7%
Magic:  0/14       EV: 13    Int: 13    God:    Gozag
Gold:   1783       SH:  6    Dex: 19    Spells: 12/12 levels left

rFire   . . .      SeeInvis .    b - +5 scimitar (chaos)
rCold   . . .      Faith    .    G - +0 buckler
rNeg    . . .      Spirit   +    v - +0 steam dragon scales
rPois   .          Reflect  .    L - +2 hat {Stlth+}
rElec   .          Rampage  .    c - +2 cloak
rCorr   .                        (no gloves)
Will    ++...                    s - +2 pair of boots
Stlth   +++++                    F - amulet of magic regeneration
HPRegen 1.12/turn                C - ring of willpower
MPRegen 0.54/turn                (no ring)

@: no status effects
A: fangs 3, regeneration 1, magic shield, antimagic bite, no potion heal 2
a: Renounce Religion, Potion Petition, Call Merchant, Bribe Branch


You were on level 11 of the Dungeon.
You worshipped Gozag.
Gozag was most pleased with you.
You visited 2 branches of the dungeon, and saw 13 of its levels.

You collected 1889 gold pieces.
You paid 106 gold pieces to Gozag.

Inventory:

Hand Weapons
 a - a +3 dagger
 b - a +5 scimitar of chaos (weapon)
 z - a +0 scimitar
 I - a +0 rapier
 M - a +0 short sword of flaming
Missiles
 e - 3 curare-tipped darts (quivered)
 m - 35 poisoned darts
 p - 9 datura-tipped darts
 t - 9 boomerangs
Armour
 c - a +2 cloak (worn)
 s - a +2 pair of boots (worn)
 v - +0 steam dragon scales (worn)
 G - a +0 buckler (worn)
 L - a +2 hat of stealth (worn)
Jewellery
 g - a ring of fire
 C - a ring of willpower (left hand)
 F - an amulet of magic regeneration (around neck)
Wands
 y - a wand of iceblast (14)
 D - a wand of flame (9)
 E - a wand of paralysis (17)
 H - a wand of polymorph (7)
Scrolls
 f - 2 scrolls of immolation
 i - a scroll of blinking
 j - a scroll of amnesia
 u - 3 scrolls of teleportation
 A - a scroll of butterflies
 J - 2 scrolls of vulnerability
 K - a scroll of silence
 N - a scroll of fear
Potions
 h - 3 potions of resistance
 k - 3 potions of lignification
 n - 14 potions of curing
 o - a potion of magic
 q - a potion of cancellation
 r - 2 potions of attraction
 w - 3 potions of flight
 x - 2 potions of mutation
Miscellaneous
 d - a condenser vane
 O - a box of beasts


   Skills:
 + Level 10.6 Fighting
 - Level 10.0(10.9) Short Blades
 * Level 7.2(9.6) Long Blades
 - Level 6.0 Throwing
 + Level 2.6 Armour
 + Level 2.8 Dodging
 - Level 9.2 Stealth
 - Level 5.8 Shields


You had 12 spell levels left.
You didn't know any spells.
Your spell library contained the following spells:

 Spells                   Type           Power      Damage    Failure   Level
 Apportation              Tloc           0%         N/A       36%         1
 Necrotise                Necr           0%         1d4       36%         1
 Sandblast                Erth           0%         2d4       36%         1
 Sting                    Tmut/Pois      0%         1d3       36%         1
 Summon Small Mammal      Summ           0%         N/A       36%         1
 Passwall                 Tmut/Erth      0%         N/A       52%         2
 Poisonous Vapours        Pois/Air       0%         N/A       52%         2
 Sublimation of Blood     Necr           0%         N/A       52%         2
 Call Canine Familiar     Summ           0%         N/A       75%         3
 Stone Arrow              Conj/Erth      0%         3d7       75%         3
 Summon Guardian Golem    Hex/Summ       0%         N/A       75%         3
 Leda's Liquefaction      Hex/Erth       0%         N/A       98%         4
 Olgreb's Toxic Radiance  Pois           0%         N/A       98%         4
 Petrify                  Tmut/Erth      0%         N/A       98%         4
 Irradiate                Conj/Tmut      0%         3d11      100%        5
 Lee's Rapid Deconstruct  Erth           0%         3d4*      100%        5
 Statue Form              Tmut/Erth      0%         N/A       100%        6


Dungeon Overview and Level Annotations

Branches:
Dungeon (12/15)            Temple (1/1) D:6            Lair (0/5) D:11
    Orc (0/2) D:9

Altars:
Ashenzari
Cheibriados
Dithmenos
Elyvilon
Fedhas
Gozag
Hepliaklqana
Kikubaaqudgha
Makhleb
Nemelex Xobeh
Okawaru
Qazlal
Ru
Sif Muna
Trog
Uskayaw
Vehumet
Wu Jian
Xom
Yredelemnul
Zin
The Shining One

Shops:
D:7 *

Annotations:
D:11 Snorg


Innate Abilities, Weirdness & Mutations

You have razor-sharp teeth.
Your natural rate of healing is unusually fast.
When hurt, damage is shared between your health and your magic reserves.
Your bite disrupts and absorbs the magic of your enemies.
Potions cannot restore your health.


Message History

Snorg misses you. Snorg claws you! Snorg barely misses you.
You completely miss Snorg. You bite Snorg. You drain her power.
You feel invigorated.
Snorg is moderately wounded.
Snorg bites you! You block Snorg's attack. Snorg closely misses you.
You hit Snorg. Your bite misses Snorg.
Snorg is moderately wounded.
You barely miss Snorg.
Snorg is moderately wounded.
Snorg barely misses you. x2; Snorg misses you.
Your +5 scimitar of chaos is briefly surrounded by a scintillating aura of random colours.
b - a +5 scimitar of chaos (weapon)
Snorg closely misses you. x2; Snorg claws you but does no damage.
You slice Snorg!! You bite Snorg. You drain her power.
You feel invigorated.
Snorg is heavily wounded.
Snorg blinks!
Snorg bites you. You block Snorg's attack. Snorg misses you. Snorg bites you!
Snorg claws you! x2
* * * LOW HITPOINT WARNING * * *
You slash Snorg! You burn Snorg. You bite Snorg. You drain her power.
You feel invigorated.
Snorg is heavily wounded.
You block Snorg's attack. Snorg barely misses you. Snorg claws you!
* * * LOW HITPOINT WARNING * * *
You slice Snorg!! You bite Snorg! You drain her power.
You feel invigorated.
Snorg is severely wounded.
Snorg barely misses you. Snorg misses you. Snorg claws you.
* * * LOW HITPOINT WARNING * * *
Snorg bites you!
* * * LOW HITPOINT WARNING * * *
You block Snorg's attack. Snorg closely misses you.
You barely miss Snorg.
Snorg is severely wounded.
Snorg bites you but does no damage. Snorg claws you but does no damage.
Snorg claws you.
You closely miss Snorg. Your bite misses Snorg.
Snorg is severely wounded.
Snorg barely misses you. Snorg claws you!
You die...
Your body crumbles into a pile of gold.

## #.#### # .# # #..#.#
. ..# ##..## .## #..# #
#..# #.###...# #####..#
#..#....# .......##
#.......## ).......##
#........# .........###
#........# ...........##
#.@T.....#
............###.........
........................
....)..<.....####.......
.....)......## #......
.....###...## #.....
....####..## #....
.........## #....
.[.......## #...


You could see Snorg (berserk).

Vanquished Creatures
  Gastronok (D:11)
  Fannar (D:11)
  A two-headed ogre (D:10)
  Pikel (D:5)
  2 manticores (D:11)
  An oklob plant (D:11)
  Maurice (D:9)
  A gargoyle (D:9)
  2 unseen horrors (D:10)
  3 trolls
  A wraith (D:11)
  A shadow (D:9)
  2 wyverns
  A vampire (D:9)
  A fire bat (D:11)
  9 yaks
  Eustachio (D:5)
  2 steam dragons
  Menkaure (D:4)
  3 vampire mosquitoes (D:10)
  Edmund (D:5)
  Duvessa (D:6)
  2 water moccasins
  A swamp drake (D:9)
  8 orc warriors
  A sky beast (D:7)
  A black bear (D:3)
  4 ogres
  4 ice beasts
  7 centaurs
  A lemure (D:5)
  A phantom (D:6)
  4 kobold brigands
  Blork the orc (D:4)
  4 bullfrogs
  2 water moccasin zombies (D:4)
  6 scorpions
  15 wights
  Dowan (D:6)
  A water moccasin skeleton (D:4)
  2 bullfrog zombies (D:4)
  15 orc priests
  3 jellies
  Crazy Yiuf (D:4)
  7 hounds
  A sleepcap (D:6)
  7 iguanas
  11 orc wizards
  A hound skeleton (D:4)
  A howler monkey zombie (D:4)
  4 gnolls (D:5)
  4 adders
  A shadow imp (D:5)
  A white imp (D:6)
  4 ufetubi
  2 adder skeletons (D:4)
  2 worms (D:4)
  2 dart slugs
  41 orcs
  6 endoplasms
  3 giant cockroaches
  5 hobgoblins
  3 jackals (D:1)
  5 quokkas
  6 ball pythons
  2 bats
  4 frilled lizards
  8 goblins
  23 kobolds
  A quokka zombie (D:4)
  2 rats
280 creatures vanquished.

Vanquished Creatures (others)
  An orc priest (D:8)
  An orc (D:8)
  2 fungi (D:2)
  2 plants
  3 withered plants (D:4)
9 creatures vanquished.

Grand Total: 289 creatures vanquished

Notes
Turn   | Place    | Note
-------+----------+-------------------------------------------
     0 | D:1      | DeathPants the Vine Stalker Brigand began the quest for the
                  | Orb.
     0 | D:1      | Reached XP level 1. HP: 11/11 MP: 2/2
   232 | D:1      | Reached XP level 2. HP: 15/15 MP: 3/3
   848 | D:1      | Reached XP level 3. HP: 18/18 MP: 4/4
  1358 | D:2      | Found a faded altar of an unknown god.
  2331 | D:4      | Gained mutation: Your natural rate of healing is unusually
                  | fast. [Vine Stalker growth]
  2331 | D:4      | Reached XP level 4. HP: 20/23 MP: 5/5
  2343 | D:4      | Reached XP level 5. HP: 27/27 MP: 6/6
  2349 | D:4      | Noticed a black bear
  2456 | D:3      | Noticed a steam dragon
  2460 | D:3      | Killed a steam dragon
  2461 | D:3      | Reached XP level 6. HP: 32/32 MP: 7/7
  3080 | D:3      | Killed a black bear
  3125 | D:5      | Entered Level 5 of the Dungeon
  3178 | D:4      | Found an ancient bone altar of Kikubaaqudgha.
  3246 | D:4      | Reached XP level 7. HP: 36/36 MP: 8/8
  3274 | D:4      | Noticed Menkaure
  3297 | D:4      | Killed Menkaure
  3384 | D:4      | Reached skill level 5 in Short Blades
  3384 | D:4      | Reached skill level 5 in Throwing
  3470 | D:4      | Gained mutation: You have razor-sharp teeth. [Vine Stalker
                  | growth]
  3470 | D:4      | Reached XP level 8. HP: 42/42 MP: 9/9
  3494 | D:4      | Noticed Blork the orc
  3506 | D:4      | Killed Blork the orc
  3926 | D:4      | Found a runed translucent door.
  3927 | D:4      | Noticed Crazy Yiuf
  3934 | D:4      | Killed Crazy Yiuf
  4118 | D:6      | Noticed Eustachio
  4208 | D:5      | Killed Eustachio
  4306 | D:5      | Noticed Edmund
  4336 | D:5      | Killed Edmund
  4363 | D:5      | Reached skill level 5 in Fighting
  4363 | D:5      | Reached XP level 9. HP: 19/47 MP: 2/10
  4528 | D:5      | Noticed Pikel
  4544 | D:5      | Killed Pikel
  5477 | D:5      | Reached skill level 5 in Stealth
  5743 | D:6      | Found a staircase to the Ecumenical Temple.
  5756 | Temple   | Entered the Ecumenical Temple
  5852 | Temple   | Became a worshipper of Gozag Ym Sagoz the Greedy
  6245 | D:6      | Noticed Dowan
  6253 | D:6      | Noticed Duvessa
  6270 | D:6      | Killed Duvessa
  6271 | D:6      | Reached XP level 10. HP: 46/53 MP: 9/11
  6273 | D:6      | Killed Dowan
  6875 | D:7      | Found Atoir's Overcharged Wands.
  8047 | D:8      | Found a bloodstained altar of Trog.
  8268 | D:8      | Reached skill level 10 in Short Blades
  8591 | D:9      | Noticed Maurice
  8609 | D:9      | Killed Maurice
  8830 | D:9      | Found a burning altar of Makhleb.
  8930 | D:10     | Entered Level 10 of the Dungeon
  8962 | D:9      | Reached skill level 1 in Dodging
  9018 | D:9      | Noticed a gargoyle
  9035 | D:9      | Killed a gargoyle
  9036 | D:9      | Reached skill level 1 in Long Blades
  9036 | D:9      | Reached skill level 1 in Armour
  9036 | D:9      | Reached XP level 11. HP: 36/60 MP: 12/12
  9736 | D:9      | You fall into a shaft and drop 1 floor!
  9752 | D:10     | Noticed a two-headed ogre
  9761 | D:10     | Reached skill level 1 in Shields
  9777 | D:10     | Killed a two-headed ogre
  9905 | D:10     | Found a white marble altar of Elyvilon.
 10097 | D:10     | Found a hazy altar of Hepliaklqana.
 10124 | D:10     | Found a shadowy altar of Dithmenos.
 10424 | D:9      | Found a staircase to the Orcish Mines.
 10702 | D:11     | Noticed a manticore
 10853 | D:10     | Identified the +0 chain mail of Patterns {rF+ Str+3}
 11060 | D:10     | Identified the +3 ring mail of Inviolability {Dex+2}
 11756 | D:11     | Killed a manticore
 11925 | D:11     | Reached skill level 10 in Fighting
 11925 | D:11     | Reached skill level 5 in Shields
 11925 | D:11     | Reached XP level 12. HP: 68/68 MP: 13/13
 12040 | D:11     | Found a staircase to the Lair.
 12359 | D:11     | Noticed Fannar
 12370 | D:11     | Killed Fannar
 12422 | D:11     | Reached XP level 13. HP: 72/72 MP: 14/14
 12604 | D:11     | Noticed Gastronok
 12621 | D:11     | Killed Gastronok
 12791 | D:11     | Noticed Snorg
 12811 | D:11     | Slain by Snorg

Illustrated notes

Levels and vault maps discovered:
D:1:      sevenhm_arrival_forest_fort_large_2, layout_basic
D:2:      layout_loops_corners, shapermc_ecumenical_altar_gd,
          nicolae_kite_square_tiling_tiny, nrook_loot_triangle
D:3:      layout_loops_corners, minmay_misc_feat_diagonals, hangedman_decor_push
D:4:      layout_loops_ring, old_standard_altar, serial_undead, serial_undead_f,
          serial_undead_b, serial_undead_f, serial_undead_c, serial_undead_b,
          st_stairs_11, uniq_menkaure, uniq_crazy_yiuf_cottage,
          uniq_blork_the_orc
D:5:      layout_basic, serial_park_tiny_2, kennysheep_opposing_triangles,
          uniq_edmund, uniq_pikel
D:6:      layout_cave_pools, temple_statues, serial_column_ruins,
          column_ruins_hut, column_ruins_hut_ruined, column_ruins_open_small,
          column_ruins_open_tiny, column_ruins_open_large, column_ruins_grid_2,
          column_ruins_grid_1, kennysheep_cross_room, minmay_misc_feat_x,
          uniq_eustachio, uniq_duvessa
D:7:      layout_cave_pods, nicolae_shop_overcharged_wands
D:8:      layout_loops_ring, lemuel_doored_altar
D:9:      layout_long_grid, lightli_temple_of_fire, erik_orc_1,
          blue_anna_alchemist, uniq_maurice
D:10:     layout_layer_cave, riverfiend_overflow_shadow_ancestor,
          mainiacjoe_overflow_small_starburst, lightli_fourway_metalbox
D:11:     layout_layer_cave, dpeg_oklobed_lair, uniq_snorg, uniq_gastronok,
          uniq_fannar
D:12:     layout_irregular_city, uniq_urug
Temple:   minmay_temple_bridge_d

Skill      XL: |  1  2  3  4  5  6  7  8  9 10 11 12 13 |
---------------+----------------------------------------+-----
Short Blades   | 2 3 4 5 7 9 10 | 10.0
Throwing       | 2 3 4 5 6 |  6.0
Fighting       | 2 3 5 6 8 10 | 10.6
Stealth        | 6 9 |  9.2
Dodging        | 1 2 |  2.8
Long Blades    | 1 6 7 |  7.2
Armour         | 1 2 |  2.6
Shields        | 5 |  5.8

Action                     |  1- 3 |  4- 6 |  7- 9 | 10-12 | 13-15 || total
---------------------------+-------+-------+-------+-------+-------++-------
  Melee: Dagger            |   129 |    81 |   252 |   553 |    10 ||  1025
         Bite              |    30 |    28 |   129 |   286 |    12 ||   485
         Punch             |     2 |     2 |     9 |     9 |       ||    22
         Rapier            |       |       |   103 |       |       ||   103
         Scimitar          |       |       |       |   169 |    17 ||   186
  Throw: Dart              |     4 |     2 |    38 |    36 |       ||    80
    Use: Scroll            |     2 |       |    15 |    11 |     2 ||    30
         Potion            |       |       |     4 |     6 |       ||    10
   Stab: Sleeping          |    15 |     2 |    12 |    10 |       ||    39
         Distracted        |       |       |     2 |     1 |       ||     3
         Invisible         |       |       |       |    10 |       ||    10
         Confused          |       |       |       |       |     1 ||     1
 Armour: Robe              |    13 |       |       |       |       ||    13
         Leather armour    |    25 |     6 |       |       |       ||    31
         Steam dragon scal |       |    38 |   136 |   338 |     6 ||   518
  Dodge: Dodged            |    41 |    42 |   207 |   328 |    18 ||   636
  Block: Buckler           |       |       |       |    28 |     6 ||    34

Table legend: (Time is in decaauts)
 A = Elapsed time spent in this place.
 B = Non-inter-level travel time spent in this place.
 C = Inter-level travel time spent in this place.
 D = Time resting spent in this place.
 E = Time spent auto-exploring this place.
 F = Levels seen in this place.
 G = Mean time per level.
                   A        B        C        D        E       F      G
               +--------+--------+--------+--------+--------+-----+--------+
         Total |  12383 |  12048 |    335 |    284 |   8106 |  13 |  952.5 |
       Dungeon |  12215 |  11962 |    253 |    284 |   8032 |  12 | 1017.9 |
        Temple |    167 |     85 |     82 |      0 |     74 |   1 |  167.0 |
               +--------+--------+--------+--------+--------+-----+--------+

Top non-repeatable levels by time:
    D:10: 1645 daAuts
     D:5: 1531 daAuts
     D:9: 1404 daAuts
     D:1: 1230 daAuts
    D:11: 1037 daAuts
     D:7: 1001 daAuts
     D:4: 928 daAuts
     D:2: 880 daAuts
     D:3: 870 daAuts
     D:8: 861 daAuts
     D:6: 769 daAuts
  Temple: 167 daAuts
    D:12: 54 daAuts
